AoeStats
← catchchez

Four Lakes

507686322Analyzed
1v1 RM · 14d ago on Sep 19, 2026· 29m 3s· 2 players
Game mode
Random Map
Map size
Tiny (2 player)
Population
200
Speed
Normal
Resources
Standard
Victory
Conquest
Starting age
Dark Age
Ending age
Imperial Age
RankedLock teamsTeams togetherTeam positionsShared explorationLock speedFull tech treeHidden civsTurbo modeCheats
Victory
Defeat
🇮🇳 Britons · India
755
+17
🇮🇹 Turks · Italy
783
-17
catchchez
2:29 Loom
11:08 Feudal Age
11:47 Double-Bit Axe
15:49 Fletching
22:25 Castle Age
22:54 Crossbowman
25:20 Bodkin Arrow
marcelloborghi
11:13 Loom
12:59 Feudal Age
15:44 Wheelbarrow
15:46 Double-Bit Axe
16:25 Horse Collar
22:17 Castle Age
22:23 Gold Mining
23:26 Hand Cart
25:22 Bow Saw
28:58 Imperial Age
Connection lost

Rejoining the realm…

Still unreachable

The connection could not be restored.

Session expired

The server has moved on; the page needs a fresh start.